Map: Ulrena

Players

WUTHAMMER - Winner!

  • Race: Terran Terran
  • League: Silver

capac

  • Race: Terran Terran
  • League: Gold

VOD

Have the link to the VOD?

Description

Time

  • Played on: April 25, 2016, 9:39 p.m.
  • Length: 6:17
Show
View Real Time Build Order
Export as new Build Order

WUTHAMMER Terran - Winner!

Build Orders: MMM Bio 

Get SALT Encoding   

  12  0:00  SCV  
  13  0:13  SCV  
  14  0:25  Supply Depot, SCV  
  15  0:30  Refinery  
  15  0:47  SCV  
  15  0:49  Barracks  
  16  0:59  SCV  
  17  1:08  Barracks  
  17  1:11  SCV  
  18  1:23  Barracks  
  18  1:36  Orbital Command  
  18  1:39  Barracks Tech Lab  
  18  1:55  Barracks Reactor  
  18  1:58  Supply Depot  
  18  2:01  Combat Shields  
  18  2:05  SCV  
  19  2:20  Barracks Reactor  
  20  2:22  SCV  
  20  2:27  Supply Depot  
  20  2:32  Marine x3  
  23  2:49  Supply Depot, Marine  
  23  2:50  Marine x2  
  26  2:56  Marine x2  
  28  3:07  Marine x2  
  28  3:08  Marine  
  31  3:14  Marine  
  32  3:21  Marine  
  32  3:25  Marine x3  
  36  3:28  Supply Depot  
  36  3:31  Marine  
  37  3:38  Marine  
  38  3:43  Marine x3  
  38  3:46  Stimpack  
  41  3:49  Marine  
  42  3:56  Marine  
  42  4:01  Marine x3  
  46  4:07  Marine  
  46  4:08  Supply Depot  
  47  4:14  Marine  
  48  4:18  Marine  
  48  4:19  Marine  
  50  4:45  Marine x5  
  55  5:02  Marine  
  55  5:03  Marine x4  
  60  5:07  Supply Depot  
  60  5:20  Marine x3  
  60  5:21  Marine x2  
  61  5:38  Marine x4  
  61  5:39  Marine  
  58  5:56  Marine x5  
Show
View Real Time Build Order
Export as new Build Order

capac Terran 

Build Orders: Banshee Rush 

Get SALT Encoding   

  12  0:03  SCV  
  13  0:19  SCV  
  13  0:20  Supply Depot  
  14  0:33  SCV  
  15  0:45  SCV  
  15  0:46  Barracks  
  15  0:49  Refinery  
  16  0:58  Supply Depot  
  16  1:03  SCV  
  17  1:15  SCV  
  18  1:27  SCV  
  19  1:36  Marine  
  20  1:41  Refinery, Orbital Command  
  20  1:55  Factory  
  20  1:56  Marine  
  21  2:08  SCV  
  22  2:16  Marine  
  24  2:22  SCV  
  24  2:40  Starport, Factory Tech Lab  
  24  2:46  Starport  
  24  2:57  Barracks Tech Lab  
  24  3:02  SCV  
  25  3:30  Cloaking Field  
  25  3:32  Banshee  
  28  3:39  SCV  
  29  3:44  Command Center  
  29  3:52  Barracks  
  29  3:54  SCV  
  30  3:58  Supply Depot  
  30  4:03  Engineering Bay, Factory Tech Lab  
  30  4:07  Barracks Reactor  
  30  4:10  SCV  
  31  4:20  Banshee x2  
  37  4:27  Supply Depot  
  37  4:33  Missile Turret  
  37  4:42  Barracks Reactor  
  37  4:49  SCV  
  41  4:53  Supply Depot  
  38  5:02  Banshee  
  41  5:43  Marine x3  
  44  5:59  Marine  
Tags
 
Composition
MMM Bio
Matchup
TvT
Race
Terran
Strategy
Banshee Rush
Add a new tag
Caveats
  • Supply blocks, unpowered buildings, or Contaminate may cause inaccurate times.
  • Supply counts are checked every 10 seconds.